ESL (28 & UNDER)
RIO GRANDE RATTLESNAKE @ BUFFALO LIGHTSABRES
06/22/2028
 
TOP OF THE 1ST
Rio Grande Rattlesnake batting - Pitching for Buffalo LightSabres : RHP Howard Jewel
Pitching: RHP Howard Jewel
Batting: RHB David Suarze 0-0: Called Strike
0-1: Swinging Strike
0-2: Ball
1-2: Strikes out looking
Batting: RHB Paul Martin 0-0: Called Strike
0-1: Swinging Strike
0-2: Foul Ball, location: 2F
0-2: Ball
1-2: Ball
2-2: Foul Ball, location: 2F
2-2: Ball
3-2: Base on Balls
Batting: RHB Hollis Wood 0-0: Ball
1-0: Called Strike
1-1: Ball
2-1: Foul Ball, location: 2F
2-2: Ball
3-2: Base on Balls
Paul Martin to second
Batting: RHB Miguel Hernández 0-0: Called Strike
0-1: Ball
1-1: Ball
2-1: Swinging Strike
2-2: Foul Ball, location: 2F
2-2: Ball
3-2: Fly out, F5 (Line Drive, 56S)
Batting: RHB Joe Courtier 0-0: Called Strike
0-1: Ball
1-1: DOUBLE (Line Drive, 89XD)
Paul Martin scores
Hollis Wood to third
Runner from 3rd tries for Home, throw and OUT!
Top of the 1st over - 1 run(s), 1 hit(s), 0 error(s), 1 left on base; Rio Grande 1 - Buffalo 0
BOTTOM OF THE 1ST
Buffalo LightSabres batting - Pitching for Rio Grande Rattlesnake : RHP Albert Sánchez
Pitching: RHP Albert Sánchez
Batting: LHB Matt Ruskin 0-0: Foul Ball, location: 2F
0-1: Ball
1-1: Fly out, F9 (Flyball, 89S)
Batting: RHB Gabriel Ángel 0-0: Swinging Strike
0-1: Foul Ball, location: 2F
0-2: Ball
1-2: Strikes out swinging
Batting: LHB Garrett King 0-0: Called Strike
0-1: Foul Ball, location: 2F
0-2: Ball
1-2: SOLO HOME RUN (Flyball, 9D), Distance : 385 ft
Batting: LHB Zack Payton 0-0: Ball
1-0: Ball
2-0: Foul Ball, location: 2F
2-1: Swinging Strike
2-2: Strikes out swinging
Bottom of the 1st over - 1 run(s), 1 hit(s), 0 error(s), 0 left on base; Rio Grande 1 - Buffalo 1
TOP OF THE 2ND
Rio Grande Rattlesnake batting - Pitching for Buffalo LightSabres : RHP Howard Jewel
Batting: SHB Brian Moyer 0-0: SINGLE (Groundball, 6D)
Batting: RHB Doug Delaney 0-0: Foul Ball, location: 2F
0-1: Foul Ball, location: 2F
0-2: Ball
1-2: Ball
2-2: Ball
3-2: SINGLE (Groundball, 56D)
Brian Moyer to second
Batting: RHB Jeff Bane 0-0: Ball
1-0: Called Strike
1-1: Called Strike
1-2: Ball
2-2: Ball
3-2: Foul Ball, location: 2F
3-2: Fly out, F8 (Line Drive, 8RM)
Batting: RHB Iván De Jesús 0-0: Swinging Strike
0-1: Foul Ball, location: 2F
0-2: Ball
1-2: Strikes out swinging
Batting: RHB David Suarze 0-0: Foul Ball, location: 2F
0-1: Foul Ball, location: 2F
0-2: Foul Ball, location: 2F
0-2: Ball
1-2: Foul Ball, location: 2F
1-2: SINGLE (Groundball, 15S) (infield hit)
Brian Moyer to third
Doug Delaney to second
Batting: RHB Paul Martin 0-0: Ball
1-0: Ball
2-0: Ball
3-0: Called Strike
3-1: SINGLE (Groundball, 6MD)
Brian Moyer scores
Doug Delaney to third
David Suarze to second
Runner from 3rd tries for Home, SAFE, no throw
Batting: RHB Hollis Wood 0-0: Ball
1-0: Ball
2-0: Ball
3-0: Base on Balls
David Suarze to third
Paul Martin to second
Batting: RHB Miguel Hernández 0-0: Foul Ball, location: 2F
0-1: Called Strike
0-2: Fielders Choice at 2nd, 6-4 (Groundball, 6)
Top of the 2nd over - 2 run(s), 4 hit(s), 0 error(s), 2 left on base; Rio Grande 3 - Buffalo 1
BOTTOM OF THE 2ND
Buffalo LightSabres batting - Pitching for Rio Grande Rattlesnake : RHP Albert Sánchez
Batting: RHB John Warren 0-0: Ball
1-0: Ball
2-0: Called Strike
2-1: Foul Ball, location: 2F
2-2: Ball
3-2: Foul Ball, location: 2F
3-2: Strikes out swinging
Batting: LHB Craig Kenney 0-0: Called Strike
0-1: Foul Ball, location: 2F
0-2: Ball
1-2: Ground out 3-1 (Groundball, 34)
Batting: LHB Leslie Adams 0-0: Ball
1-0: Swinging Strike
1-1: Ball
2-1: Swinging Strike
2-2: Fly out, F7 (Line Drive, 7)
Bottom of the 2nd over - 0 run(s), 0 hit(s), 0 error(s), 0 left on base; Rio Grande 3 - Buffalo 1
TOP OF THE 3RD
Rio Grande Rattlesnake batting - Pitching for Buffalo LightSabres : RHP Howard Jewel
Batting: RHB Joe Courtier 0-0: SINGLE (Line Drive, 56D)
Batting: SHB Brian Moyer 0-0: Ball
1-0: Ball
2-0: Called Strike
2-1: Ball
3-1: Called Strike
3-2: Strikes out swinging
Joe Courtier steals 2nd base
Batter strikes out.
Batting: RHB Doug Delaney 0-0: Ground out 3-1 (Groundball, 34)
Joe Courtier to third
Batting: RHB Jeff Bane 0-0: Swinging Strike
0-1: SINGLE (Groundball, 4MD)
Joe Courtier scores
Batting: RHB Iván De Jesús 0-0: Called Strike
0-1: Ball
1-1: Ball
2-1: Ball
3-1: Fielders Choice at 2nd, 6-4 (Groundball, 56)
Top of the 3rd over - 1 run(s), 2 hit(s), 0 error(s), 0 left on base; Rio Grande 4 - Buffalo 1
BOTTOM OF THE 3RD
Buffalo LightSabres batting - Pitching for Rio Grande Rattlesnake : RHP Albert Sánchez
Batting: SHB Clifton Hampton 0-0: Swinging Strike
0-1: Swinging Strike
0-2: Strikes out looking
Batting: RHB Pedro Romero 0-0: Ground out U3 (Groundball, 34S)
Batting: LHB Matt Ruskin 0-0: Called Strike
0-1: Foul Ball, location: 2F
0-2: Ball
1-2: Foul Ball, location: 2F
1-2: Fly out, F9 (Flyball, 9S)
Bottom of the 3rd over - 0 run(s), 0 hit(s), 0 error(s), 0 left on base; Rio Grande 4 - Buffalo 1
TOP OF THE 4TH
Rio Grande Rattlesnake batting - Pitching for Buffalo LightSabres : RHP Howard Jewel
Batting: RHB David Suarze 0-0: Foul Ball, location: 2F
0-1: Ball
1-1: Ground out 6-3 (Groundball, 6)
Batting: RHB Paul Martin 0-0: Ball
1-0: SINGLE (Groundball, 6MD)
Batting: RHB Hollis Wood 0-0: Foul Ball, location: 2F
0-1: Swinging Strike
0-2: Foul Ball, location: 2F
0-2: SINGLE (Line Drive, 89S)
Paul Martin to second
Batting: RHB Miguel Hernández 0-0: Foul Ball, location: 2F
0-1: Ball
1-1: Foul Ball, location: 2F
1-2: Ball
2-2: Ball
3-2: Base on Balls
Paul Martin to third
Hollis Wood to second
Batting: RHB Joe Courtier 0-0: Ball
1-0: Ball
2-0: Foul Ball, location: 2F
2-1: Swinging Strike
2-2: Ball
3-2: Strikes out swinging
Pitching: LHP Mike O'Brien
Batting: SHB Brian Moyer 0-0: Ball
1-0: SINGLE (Groundball, 56D)
Paul Martin scores
Hollis Wood to third
Miguel Hernández to second
Runner from 3rd tries for Home, SAFE, no throw
Batting: RHB Doug Delaney 0-0: Foul Ball, location: 2F
0-1: Swinging Strike
0-2: Ball
1-2: Ball
2-2: Strikes out swinging
Top of the 4th over - 2 run(s), 3 hit(s), 0 error(s), 2 left on base; Rio Grande 6 - Buffalo 1
BOTTOM OF THE 4TH
Buffalo LightSabres batting - Pitching for Rio Grande Rattlesnake : RHP Albert Sánchez
Batting: RHB Gabriel Ángel 0-0: Called Strike
0-1: Foul Ball, location: 2F
0-2: Ball
1-2: Strikes out swinging
Batting: LHB Garrett King 0-0: Foul Ball, location: 2F
0-1: Ball
1-1: Called Strike
1-2: Ball
2-2: Ball
3-2: SOLO HOME RUN (Flyball, 9LD), Distance : 363 ft
Batting: LHB Zack Payton 0-0: Called Strike
0-1: Ball
1-1: Foul Ball, location: 2F
1-2: Ball
2-2: Ball
3-2: Foul Ball, location: 2F
3-2: Foul Ball, location: 2F
3-2: SINGLE (Line Drive, 9S)
Batting: RHB John Warren 0-0: Fly out, F9 (Flyball, 9S)
Batting: LHB Craig Kenney 0-0: Ball
Wild Pitch!
Zack Payton to second
1-0: Foul Ball, location: 2F
1-1: Ball
2-1: Called Strike
2-2: Ball
3-2: Fly out, F7 (Flyball, 78M)
Bottom of the 4th over - 1 run(s), 2 hit(s), 0 error(s), 1 left on base; Rio Grande 6 - Buffalo 2
TOP OF THE 5TH
Rio Grande Rattlesnake batting - Pitching for Buffalo LightSabres : LHP Mike O'Brien
Batting: RHB Jeff Bane 0-0: Called Strike
0-1: Called Strike
0-2: Strikes out swinging
Batting: RHB Iván De Jesús 0-0: Foul Ball, location: 2F
0-1: Ball
1-1: SINGLE (Line Drive, 5D)
Batting: RHB David Suarze 0-0: Ball
1-0: Ball
2-0: Called Strike
2-1: Ball
3-1: Base on Balls
Iván De Jesús to second
Batting: RHB Paul Martin 0-0: Called Strike
Iván De Jesús steals 3rd base
David Suarze to second
0-1: Ball
1-1: Fly out, F9 (Flyball, 9S)
Runner from 3rd tags up, SCORES, throw made
Batting: RHB Hollis Wood 0-0: Ball
1-0: Called Strike
1-1: Foul Ball, location: 2F
1-2: Strikes out swinging
Top of the 5th over - 1 run(s), 1 hit(s), 0 error(s), 1 left on base; Rio Grande 7 - Buffalo 2
BOTTOM OF THE 5TH
Buffalo LightSabres batting - Pitching for Rio Grande Rattlesnake : RHP Albert Sánchez
Batting: LHB Leslie Adams 0-0: Called Strike
0-1: Ball
1-1: Foul Ball, location: 2F
1-2: Ball
2-2: Ball
3-2: SINGLE (Line Drive, 4MD)
Batting: SHB Clifton Hampton 0-0: Ball
1-0: Fly out, F6 (Popup, 56D)
Batting: RHB Pedro Romero 0-0: Ball
1-0: Called Strike
1-1: Foul Ball, location: 2F
1-2: Grounds into double play, 5-4-3 (Groundball, 56)
Bottom of the 5th over - 0 run(s), 1 hit(s), 0 error(s), 0 left on base; Rio Grande 7 - Buffalo 2
TOP OF THE 6TH
Rio Grande Rattlesnake batting - Pitching for Buffalo LightSabres : LHP Mike O'Brien
Batting: RHB Miguel Hernández 0-0: Foul Ball, location: 2F
0-1: Ball
1-1: Ball
2-1: Ball
3-1: Foul Ball, location: 2F
3-2: Foul Ball, location: 2F
3-2: DOUBLE (Line Drive, 8LD)
Pitching: RHP Gavin Robbins
Batting: RHB Joe Courtier 0-0: Called Strike
0-1: Ball
1-1: Ball
2-1: Foul Ball, location: 2F
2-2: Ball
3-2: Fly out, F9 (Flyball, 9D)
Runner from 2nd tags up, SAFE at 3rd, no throw
Batting: SHB Brian Moyer 0-0: Foul Ball, location: 2F
0-1: Swinging Strike
0-2: Ground out 1-3 (Groundball, 15)
Batting: RHB Doug Delaney 0-0: Ball
1-0: Called Strike
1-1: Called Strike
1-2: Ball
2-2: Ball
3-2: Ground out 5-3 (Groundball, 56)
Top of the 6th over - 0 run(s), 1 hit(s), 0 error(s), 1 left on base; Rio Grande 7 - Buffalo 2
BOTTOM OF THE 6TH
Buffalo LightSabres batting - Pitching for Rio Grande Rattlesnake : RHP Albert Sánchez
Batting: LHB Matt Ruskin 0-0: Called Strike
0-1: Ball
1-1: Called Strike
1-2: Ball
2-2: Foul Ball, location: 2F
2-2: Strikes out looking
Batting: RHB Gabriel Ángel 0-0: Foul Ball, location: 2F
0-1: Ground out 4-3 (Groundball, 4)
Batting: LHB Garrett King 0-0: Ball
1-0: Foul Ball, location: 2F
1-1: Ball
2-1: Ball
3-1: Base on Balls
Batting: LHB Zack Payton 0-0: Called Strike
0-1: Ball
1-1: Fly out, F4 (Popup, 4)
Bottom of the 6th over - 0 run(s), 0 hit(s), 0 error(s), 1 left on base; Rio Grande 7 - Buffalo 2
TOP OF THE 7TH
Rio Grande Rattlesnake batting - Pitching for Buffalo LightSabres : RHP Gavin Robbins
Batting: RHB Jeff Bane 0-0: Ball
1-0: Foul Ball, location: 2F
Error on foul ball, E3
1-2: DOUBLE (Line Drive, 89M)
Batting: RHB Iván De Jesús 0-0: Ball
1-0: Ground out 4-3 (Groundball, 4M)
Jeff Bane to third
Batting: RHB David Suarze 0-0: Ball
1-0: Swinging Strike
1-1: Ball
2-1: 2-RUN HOME RUN (Flyball, 8LXD), Distance : 403 ft
Batting: RHB Paul Martin 0-0: Swinging Strike
0-1: Fly out, F6 (Popup, 56)
Batting: RHB Hollis Wood 0-0: Ball
1-0: Ball
2-0: Ball
3-0: Base on Balls
Batting: RHB Miguel Hernández 0-0: Ball
1-0: Ground out U3 (Groundball, 3)
Top of the 7th over - 2 run(s), 2 hit(s), 1 error(s), 1 left on base; Rio Grande 9 - Buffalo 2
BOTTOM OF THE 7TH
Buffalo LightSabres batting - Pitching for Rio Grande Rattlesnake : RHP Albert Sánchez
Pitching: RHP Albert Gonzáles
Batting: RHB John Warren 0-0: Called Strike
0-1: Fly out, F8 (Flyball, 8RXD)
Batting: LHB Craig Kenney 0-0: Called Strike
0-1: Called Strike
0-2: Foul Ball, location: 2F
0-2: Ball
1-2: Ball
2-2: Fly out, F8 (Flyball, 78S)
Batting: LHB Leslie Adams 0-0: Foul Ball, location: 2F
0-1: Called Strike
0-2: Fly out, F4 (Popup, 34)
Bottom of the 7th over - 0 run(s), 0 hit(s), 0 error(s), 0 left on base; Rio Grande 9 - Buffalo 2
TOP OF THE 8TH
Rio Grande Rattlesnake batting - Pitching for Buffalo LightSabres : RHP Gavin Robbins
Pitching: LHP Bobby MacGruder
Batting: RHB Joe Courtier 0-0: Ball
1-0: Called Strike
1-1: Called Strike
1-2: Ball
2-2: Ground out 1-3 (Groundball, P)
Batting: SHB Brian Moyer 0-0: Foul Ball, location: 2F
0-1: SINGLE (Flyball, 8RS)
Batting: RHB Doug Delaney 0-0: Ball
1-0: Ball
2-0: Ground out 5-3 (Groundball, 56S)
Brian Moyer to second
Batting: RHB Jeff Bane 0-0: Called Strike
0-1: Ball
1-1: SINGLE (Line Drive, 34)
Brian Moyer to third
Runner from 3rd tries for Home, SAFE, no throw
Batting: RHB Iván De Jesús 0-0: Ball
1-0: Ball
2-0: Called Strike
2-1: Swinging Strike
2-2: SINGLE (Groundball, 6) (infield hit)
Jeff Bane to second
Batting: RHB David Suarze 0-0: Ball
1-0: Ball
2-0: Ball
3-0: Base on Balls
Jeff Bane to third
Iván De Jesús to second
Batting: RHB Paul Martin 0-0: Foul Ball, location: 2F
0-1: Foul Ball, location: 2F
0-2: Ball
1-2: Strikes out swinging
Top of the 8th over - 1 run(s), 3 hit(s), 0 error(s), 3 left on base; Rio Grande 10 - Buffalo 2
BOTTOM OF THE 8TH
Buffalo LightSabres batting - Pitching for Rio Grande Rattlesnake : RHP Albert Gonzáles
Now at 3B: Juan López
Now at SS: Jeremy Holmes
Batting: SHB Clifton Hampton 0-0: Called Strike
0-1: Called Strike
0-2: Ball
1-2: SINGLE (Groundball, 56D)
Batting: RHB Pedro Romero 0-0: Ball
1-0: Fly out, F8 (Flyball, 8RS)
Pinch Hitting: SHB Barrett Bowden 0-0: Foul Ball, location: 2F
0-1: Swinging Strike
0-2: Foul Ball, location: 2F
0-2: Strikes out looking
Batting: RHB Gabriel Ángel 0-0: Ball
1-0: Ball
2-0: Ball
3-0: Called Strike
3-1: Base on Balls
Clifton Hampton to second
Batting: LHB Garrett King 0-0: Ball
1-0: Swinging Strike
1-1: Swinging Strike
1-2: Strikes out swinging
Bottom of the 8th over - 0 run(s), 1 hit(s), 0 error(s), 2 left on base; Rio Grande 10 - Buffalo 2
TOP OF THE 9TH
Rio Grande Rattlesnake batting - Pitching for Buffalo LightSabres : LHP Bobby MacGruder
Pitching: RHP Pat Jackson
Now at 2B: Barrett Bowden
Batting: RHB Hollis Wood 0-0: Ball
1-0: Fly out, F7 (Line Drive, 78M)
Batting: RHB Miguel Hernández 0-0: Ball
1-0: Called Strike
1-1: Foul Ball, location: 2F
1-2: Foul Ball, location: 2F
1-2: Foul Ball, location: 2F
1-2: Ground out 4-3 (Groundball, 4MS)
Batting: RHB Joe Courtier 0-0: SINGLE (Groundball, 56) (infield hit)
Batting: SHB Brian Moyer 0-0: Ball
1-0: Called Strike
1-1: Called Strike
1-2: Ball
2-2: Ball
3-2: 2-RUN HOME RUN (Flyball, 9LD), Distance : 361 ft
Batting: RHB Doug Delaney 0-0: SINGLE (Line Drive, 56D)
Batting: RHB Jeff Bane 0-0: Called Strike
0-1: Fly out, F9 (Flyball, 9)
Top of the 9th over - 2 run(s), 3 hit(s), 0 error(s), 1 left on base; Rio Grande 12 - Buffalo 2
BOTTOM OF THE 9TH
Buffalo LightSabres batting - Pitching for Rio Grande Rattlesnake : RHP Albert Gonzáles
Pitching: RHP Myron Burgess
Now at C: Cristián Román
Now in LF: Alberto Roberts
Batting: LHB Zack Payton 0-0: Swinging Strike
0-1: Foul Ball, location: 2F
0-2: Strikes out swinging
Batting: RHB John Warren 0-0: Called Strike
0-1: Hit by Pitch
Batting: LHB Craig Kenney 0-0: Called Strike
0-1: Foul Ball, location: 2F
0-2: Grounds into double play, 5-4-3 (Groundball, 5)
Bottom of the 9th over - 0 run(s), 0 hit(s), 0 error(s), 0 left on base; Rio Grande 12 - Buffalo 2
Tuesday, August 8th, 2017 - OOTP Baseball 17.12 Build 75